 Dungeon Crawl Stone Soup version 0.22-a0-113-gdd6f4a9 (webtiles) character file.

16 kuniqs the Caller (level 2, -8/19 HPs)
             Began as a Mummy Summoner on Jan 28, 2018.
             Mangled by Sigmund
             ... wielding a +0 scythe of freezing
              (9 damage)
             ... on level 2 of the Dungeon.
             The game lasted 00:01:51 (1073 turns).

kuniqs the Caller (Mummy Summoner)                  Turns: 1073, Time: 00:01:52

Health: -8/19      AC:  2    Str: 11    XL:     2   Next: 37%
Magic:  2/5        EV: 12    Int: 14    God:
Gold:   54         SH:  0    Dex: 12    Spells: 3/6 levels left

rFire    x . .     SeeInvis .   d - +0 spear
rCold    + . .     Gourm    .   (no shield)
rNeg     + + +     Faith    .   a - +0 robe
rPois    ∞         Spirit   .   (no helmet)
rElec    .         Reflect  .   (no cloak)
rCorr    .         Harm     .   (no gloves)
MR       .....                  (no boots)
Stlth    ++........             (no amulet)
HPRegen  0.06/turn              (no ring)
MPRegen  0.09/turn              (no ring)

@: very slightly contaminated
A: no food or potions, fire vulnerability, cold resistance 1, negative energy
resistance 3, torment resistance, unbreathing
a: no special abilities


You were on level 2 of the Dungeon.
You were not hungry.

You visited 1 branch of the dungeon, and saw 2 of its levels.

You collected 54 gold pieces.

Inventory:

Hand Weapons
 d - a +0 spear (weapon)
Armour
 a - a +0 robe (worn)
Scrolls
 c - a scroll of enchant armour {unknown}
 e - a scroll of teleportation {unknown}
 f - 2 scrolls of blinking {unknown}
Books
 b - a book of Callings

   Spells                             Type                      Level
   a - Summon Small Mammal            Summoning                    1
   b - Call Imp                       Summoning                    2
   c - Call Canine Familiar           Summoning                    3
   d - Summon Guardian Golem          Hexes/Summoning              3
   e - Summon Lightning Spire         Summoning/Air                4
   f - Summon Ice Beast               Ice/Summoning                4


   Skills:
 - Level 1.5 Dodging
 - Level 1.5 Stealth
 - Level 2.6 Spellcasting
 + Level 3.8 Summonings


You had 3 spell levels left.
You knew the following spells:

 Your Spells              Type           Power        Failure   Level  Hunger
a - Summon Small Mammal   Summ           ##..         4%          1    N/A
b - Call Imp              Summ           ##......     7%          2    N/A

Dungeon Overview and Level Annotations

Branches:
Dungeon (2/15)

Altars:

Annotations:
D:2 Sigmund


Innate Abilities, Weirdness & Mutations

You do not eat or drink.
Your flesh is vulnerable to fire.
You are immune to poison.
Your flesh is cold resistant. (rC+)
You are immune to negative energy. (rN+++)
You are immune to unholy pain and torment.
You can survive without breathing.


Message History

Nothing appears to happen.
The bat hits you but does no damage. x2
The adder barely misses you.
Your crimson imp closely misses the adder.
Your rat bites the bat.
You hit the bat but do no damage. The bat misses you.
The bat hits you but does no damage. The adder bites you.
Your crimson imp blinks!
The bat barely misses your rat. The adder completely misses you.
Your rat misses the bat.
Your crimson imp blinks!
You completely miss the bat. The bat closely misses you. x2
The adder bites you but does no damage. Something hits you.
* * * LOW HITPOINT WARNING * * *
Something freezes you.
* * * LOW HITPOINT WARNING * * *
Your rat misses the bat. The bat hits you but does no damage.
You closely miss the bat. The bat closely misses you.
The adder bites you but does no damage.
Your rat closely misses the bat.
The bat barely misses you. The adder barely misses you. Something hits you!
You die...

#....# #....#
#....#
###....###########
.S......)..{S5..§#
################.#
.<#.......#....#{#
....#.....#(#.##S#
..........#.#.##@#
....#.......#.##b#
....#...#.....##r#
(...#.#.########.#
....#.#..........#
....#........#####
.......#####.#
...... #.# ......
#.#


You could see an adder, a bat and a friendly rat.

Vanquished Creatures
  2 giant cockroaches (D:1)
  A goblin (D:1)
  A hobgoblin (D:2)
  3 kobolds
  2 bats (D:1)
  A rat (D:1)
10 creatures vanquished.

Vanquished Creatures (collateral kills)
  A dart slug (D:1)
  2 giant cockroaches (D:1)
  A goblin (D:1)
  A bat (D:1)
  2 rats (D:1)
7 creatures vanquished.

Grand Total: 17 creatures vanquished

Notes
Turn   | Place    | Note
-------+----------+-------------------------------------------
     0 | D:1      | kuniqs the Mummy Summoner began the quest for the Orb.
     0 | D:1      | Reached XP level 1. HP: 13/13 MP: 4/4
   601 | D:1      | Reached XP level 2. HP: 6/19 MP: 3/5
   612 | D:1      | Learned a level 2 spell: Call Imp
  1037 | D:2      | Noticed Sigmund
  1073 | D:2      | Mangled by Sigmund

Vault maps used:
D:1:      nagdon_arrival_double_spiral
D:2:      chequers_ecumenical_altar_grove, uniq_sigmund

Action                   || total
-------------------------++-------
Melee: Spear             ||    59
       Unarmed           ||     6
 Cast: Summon Small Mamm ||     9
       Call Imp          ||     4
Armor: Robe              ||    27
Dodge: Dodged            ||    86

Table legend:
 A = Spawn XP
 B = Non-spawn XP
 C = Spawn XP percentage of total XP
 D = Spawn monster count
 E = Non-spawn monster count
 F = Spawn count percentage of total count
 G = Total turns spent on level
                    A         B        C        D         E        F      G
               +---------+---------+-------+---------+---------+-------+---------
         Total |       0 |      23 |   0.0 |       0 |      17 |   0.0 |  1073
               +---------+---------+-------+---------+---------+-------+---------
           D:1 |       0 |      20 |   0.0 |       0 |      15 |   0.0 |   958
           D:2 |       0 |       3 |   0.0 |       0 |       2 |   0.0 |   115
               +---------+---------+-------+---------+---------+-------+---------
